 Dungeon Crawl Stone Soup version 0.27.1-33-g824d729ab1 (webtiles) character file.

Game seed: 8729806773646188428

91 styxcanada the Sneak (level 4, -6/23 HPs)
             Began as a Spriggan Brigand on Dec 12, 2021.
             Killed from afar by Natasha (9 damage)
             ... with a puff of flame
             ... on level 2 of the Dungeon.
             The game lasted 00:06:18 (1611 turns).

styxcanada the Sneak (Spriggan Brigand)             Turns: 1611, Time: 00:06:20

Health: -6/23      AC:  3    Str:  7    XL:     4   Next: 33%
Magic:  5/5        EV: 17    Int: 12    God:
Gold:   79         SH:  0    Dex: 17    Spells: 3/4 levels left

rFire    . . .     SeeInvis +   a - +2 dagger
rCold    . . .     Faith    .   (shield restricted)
rNeg     . . .     Spirit   .   b - +0 robe
rPois    .         Reflect  .   (helmet restricted)
rElec    .         Harm     .   c - +0 cloak
rCorr    .         Rampage  .   (gloves unavailable)
Will     .....                  (boots unavailable)
Stlth    ++++......             (no amulet)
HPRegen  0.07/turn              (no ring)
MPRegen  0.09/turn              (no ring)

@: very quick
A: very small, no large weapons, unfitting armour, see invisible, speed 3
a: no special abilities


You were on level 2 of the Dungeon.
You visited 1 branch of the dungeon, and saw 2 of its levels.

You collected 79 gold pieces.

Inventory:

Hand Weapons
 a - a +2 dagger (weapon)
 j - a +0 hunting sling
Missiles
 d - a poisoned dart (quivered)
 e - 2 curare-tipped darts
 h - 37 stones
Armour
 b - a +0 robe (worn)
 c - a +0 cloak (worn)
Scrolls
 f - 2 scrolls of blinking {unknown}
 k - a scroll of amnesia {unknown}
Potions
 g - a potion of might {unknown}
 i - a potion of cancellation {unknown}


   Skills:
 * Level 2.0 Fighting
 + Level 2.7 Short Blades
 + Level 2.1 Throwing
 * Level 2.4 Dodging
 * Level 7.4 Stealth
 * Level 0.5 Spellcasting
 * Level 0.2 Conjurations
 * Level 0.2 Air Magic


You had 3 spell levels left.
You knew the following spells:

 Your Spells              Type           Power      Damage    Failure   Level
a - Shock                 Conj/Air       0%         1d3       28%         1

Your spell library contained the following spells:

 Spells                   Type           Power      Damage    Failure   Level
 Slow                     Hex            0%         N/A       43%         2
 Call Canine Familiar     Summ           0%         N/A       67%         3
 Confusing Touch          Hex            0%         N/A       67%         3
 Portal Projectile        Hex/Tloc       0%         N/A       67%         3
 Vampiric Draining        Necr           0%         2d6       67%         3
 Leda's Liquefaction      Hex/Erth       0%         N/A       97%         4


Dungeon Overview and Level Annotations

Branches:
Dungeon (2/15)

Altars:

Annotations:
D:2 Natasha


Innate Abilities, Weirdness & Mutations

You are very small and have problems with some larger weapons.
You are too small for most types of armour.
You have supernaturally acute eyesight. (SInv)
You cover ground extremely quickly. (Speed+++)


Message History

The hound misses you. The hound bites you.
You hit the hound.
The hound is moderately wounded.
The hound completely misses you.
You hit the hound but do no damage.
The hound is moderately wounded.
The hound barely misses you.
You hit the hound.
The hound is moderately wounded.
The hound misses you. The hound bites you.
* * * LOW HITPOINT WARNING * * *
A kobold comes into view. It is wielding a +0 short sword.
The kobold shouts!
You hit the hound.
The hound is heavily wounded.
The hound bites you.
* * * LOW HITPOINT WARNING * * *
You completely miss the hound.
The hound is heavily wounded.
The hound barely misses you.
Natasha, Servant of Life and Death comes into view.
She is carrying a wand of flame (14).
Throw: 3 darts (poison)
Press: ? - help, Q - select action, (/) - cycle Shift-Dir - straight line, f - hound
Aim: a hound (heavily wounded, 50% to hit)
You throw a poisoned dart. The poisoned dart hits the hound.
The hound is poisoned.
The hound is heavily wounded.
The hound closely misses you.
You kill the hound!
Your Fighting skill increases to level 2!
You have reached level 4!
You start resting.
Natasha is nearby!
Throw: 2 darts (poison)
Press: ? - help, Q - select action, (/) - cycle Shift-Dir - straight line, f - Natasha
Aim: Natasha, carrying a wand of flame (14) (55% to hit)
You throw a poisoned dart.
The poisoned dart closely misses Natasha.
Natasha zaps a wand.
The puff of flame hits you!
You die...

##### #...# ############ ##.#.#
#..........# #....#
####..........# #.)#
<#.....[.......############..#
.........(h..†..@.......>....###
............#########..........#
.........#..# #..........#
#####$h..#..# #..........#
.......(....# #..........##
#####....##..# #............
#....###.# #..........#. ######
..# ##+#########. #.# ##


You could see Natasha.

Vanquished Creatures
  A hound (D:2)
  An adder (D:2)
  A dart slug (D:1)
  5 ball pythons
  2 endoplasms
  5 giant cockroaches
  2 goblins (D:1)
  7 hobgoblins
  2 jackals (D:1)
  6 kobolds
  2 quokkas
  4 bats (D:1)
  4 frilled lizards (D:1)
  4 rats (D:1)
46 creatures vanquished.

Notes
Turn   | Place    | Note
-------+----------+-------------------------------------------
     0 | D:1      | styxcanada the Spriggan Brigand began the quest for the
                  | Orb.
     0 | D:1      | Reached XP level 1. HP: 10/10 MP: 2/2
    21 | D:1      | Reached skill level 6 in Stealth
    70 | D:1      | Found a faded altar of an unknown god.
    75 | D:1      | Got Plato's Compendium of Weightlessness
   129 | D:1      | Reached XP level 2. HP: 12/15 MP: 3/3
   639 | D:1      | Learned a level 1 spell: Shock
   665 | D:1      | Reached XP level 3. HP: 17/18 MP: 4/4
   768 | D:1      | Reached skill level 7 in Stealth
  1595 | D:2      | Noticed Natasha
  1610 | D:2      | Reached XP level 4. HP: 3/23 MP: 5/5
  1611 | D:2      | Killed from afar by Natasha

Illustrated notes

Levels and vault maps discovered:
D:1:      dpeg_arrival_long_road, layout_loops_ring,
          shapermc_ecumenical_altar_rom_forum, minmay_heptomino_w4
D:2:      layout_basic, uniq_natasha, uniq_jessica

Skill      XL: |  1  2  3 |
---------------+----------+-----
Stealth        | 6 7 |  7.4
Dodging        | 2 |  2.4
Fighting       | 2 |  2.0
Short Blades   | |  2.7
Throwing       | |  2.1
Spellcasting   | |  0.5
Conjurations   | |  0.2
Air Magic      | |  0.2

Action                   |  1- 3 |  4- 6 || total
-------------------------+-------+-------++-------
Melee: Dagger            |   153 |       ||   153
Throw: Dart              |    16 |     1 ||    17
 Stab: Sleeping          |     7 |       ||     7
       Distracted        |     1 |       ||     1
Armor: Robe              |    14 |       ||    14
Dodge: Dodged            |   101 |       ||   101
